 Dungeon Crawl Stone Soup version 0.21.1-1-g345015f (webtiles) character file.

190 theblackcape the Thaumaturge (level 5, -2/37 HPs)
             Began as a Gnoll Wanderer on June 10, 2018.
             Was an Initiate of Okawaru.
             Shot with an arrow by a centaur (6 damage)
             ... on level 3 of the Dungeon.
             The game lasted 00:21:10 (2179 turns).

theblackcape the Thaumaturge (Gnoll Wanderer)       Turns: 2179, Time: 00:21:12

Health: -2/37      AC:  6    Str: 15    XL:     5   Next: 69%
Magic:  18/18      EV: 12    Int: 14    God:    Okawaru [......]
Gold:   119        SH:  0    Dex: 15    Spells: 21/26 levels left

rFire    . . .     SeeInvis .   w - +0 long sword
rCold    . . .     Gourm    .   (no shield)
rNeg     . . .     Faith    .   q - +1 animal skin
rPois    +         Spirit   .   r - +2 helmet
rElec    .         Reflect  .   (no cloak)
rCorr    .         Harm     .   (no gloves)
MR       .....                  (no boots)
Stlth    ++........             (no amulet)
HPRegen  0.12/turn              v - ring of poison resistance
MPRegen  0.16/turn              (no ring)

@: no status effects
A: distributed training, fangs 1, strong nose
a: Renounce Religion


You were on level 3 of the Dungeon.
You worshipped Okawaru.
Okawaru was noncommittal.
You were not hungry.

You visited 1 branch of the dungeon, and saw 3 of its levels.

You collected 119 gold pieces.

Inventory:

Hand Weapons
 b - a +2 blowgun
 w - a +0 long sword (weapon)
Missiles
 a - 2 curare-tipped needles
 h - 134 stones (quivered)
 u - 8 poisoned needles
Armour
 q - a +1 animal skin (worn)
 r - a +2 helmet (worn)
Jewellery
 k - an uncursed ring of ice
 v - a ring of poison resistance (left hand)
Scrolls
 g - a scroll of noise {unknown}
 i - a scroll of fear {unknown}
 j - a scroll of magic mapping {unknown}
 n - 2 scrolls of enchant weapon {unknown}
 p - 2 scrolls of remove curse
 s - 2 scrolls of identify {unknown}
Potions
 e - a potion of mutation {unknown}
 m - a potion of brilliance {unknown}
 o - a potion of resistance {unknown}
Books
 c - Nalittee's Tome of Feathers

   Spells                             Type                      Level
   a - Shock                          Conjuration/Air              1
   b - Static Discharge               Conjuration/Air              3
 d - the Papyrus of Translocation

   Spells                             Type                      Level
   a - Shroud of Golubria             Charms/Translocation         2
   b - Blink                          Translocation                2
Comestibles
 f - 3 rations


   Skills:
 + Level 1.5 Fighting
 + Level 1.5 Short Blades
 + Level 1.5 Long Blades
 + Level 1.5 Axes
 + Level 1.5 Maces & Flails
 + Level 1.5 Polearms
 + Level 1.5 Staves
 + Level 1.5 Slings
 + Level 1.5 Bows
 + Level 1.5 Crossbows
 + Level 4.8 Throwing
 + Level 1.5 Armour
 + Level 1.5 Dodging
 + Level 1.5 Stealth
 + Level 1.5 Shields
 + Level 1.5 Unarmed Combat
 + Level 11.2 Spellcasting
 + Level 1.2 Conjurations
 + Level 1.2 Hexes
 + Level 1.2 Charms
 + Level 2.4 Summonings
 + Level 1.2 Necromancy
 + Level 4.0 Translocations
 + Level 1.2 Transmutations
 + Level 1.2 Fire Magic
 + Level 1.2 Ice Magic
 + Level 1.2 Air Magic
 + Level 1.2 Earth Magic
 + Level 1.2 Poison Magic
 + Level 1.7 Invocations
 + Level 1.5 Evocations


You had 21 spell levels left.
You knew the following spells:

 Your Spells              Type           Power        Failure   Level  Hunger
a - Shock                 Conj/Air       ##..         5%          1    None
b - Shroud of Golubria    Chrm/Tloc      ###.......   4%          2    None
c - Blink                 Tloc           N/A          2%          2    None


Dungeon Overview and Level Annotations

Branches:
Dungeon (3/15)

Altars:
Ashenzari
Dithmenos
Okawaru
Sif Muna
Trog


Innate Abilities, Weirdness & Mutations

Your experience applies equally to all skills.
You have very sharp teeth.
Your uncanny sense of smell can sniff out nearby items.


Message History

* * * LOW HITPOINT WARNING * * *
Unknown command.
The centaur shoots an arrow.
The arrow barely misses you.
You see here an arrow.
The centaur shoots an arrow.
The arrow barely misses you.
The centaur shoots an arrow.
The arrow closely misses you.
You see here 2 arrows.
The centaur shoots an arrow.
The arrow misses you.
You see here an arrow.
The centaur shoots an arrow.
The arrow closely misses you.
You see here an arrow.
The centaur shoots an arrow.
The arrow misses you.
You see here an arrow.
The centaur shoots an arrow.
The arrow closely misses you.
The centaur shoots an arrow.
The arrow hits you!
* * * LOW HITPOINT WARNING * * *
You see here an arrow.
The centaur shoots an arrow.
The arrow closely misses you.
The centaur shoots an arrow.
The arrow hits you.
You die...

..............##.....##........
..............##8..(8##........
###...........##.....##(.......
#.).........#_....._#....c...
#...........##.....##(.......
#..)........##8...8##........
###รท).........# ##_## #(.......
..............#########c.......
................@(.............
................(..............
.).............................
#.#...........................)
#........<.....................
###............................
.........[....)................
###............................#
#.............. .........#


You could see a centaur.

Vanquished Creatures
  An orc priest (D:3)
  An orc wizard (D:3)
  Robin (D:2)
  2 adders
  2 worms
  5 dart slugs
  A leopard gecko (D:2)
  6 orcs
  3 giant cockroaches
  19 goblins
  9 hobgoblins
  2 ball pythons
  8 bats
  4 frilled lizards
  9 kobolds
  7 rats
80 creatures vanquished.

Notes
Turn   | Place    | Note
-------+----------+-------------------------------------------
     0 | D:1      | Reached skill level 11 in Spellcasting
     0 | D:1      | theblackcape the Gnoll Wanderer began the quest for the Orb.
     0 | D:1      | theblackcape set off with: 2 curare-tipped needles, a +2 blowgun, Nalittee's Tome of Feathers, the Papyrus of Translocation, a +0 robe, a ration
     0 | D:1      | Reached XP level 1. HP: 13/13 MP: 12/12
     0 | D:1      | Identified Nalittee's Tome of Feathers
     0 | D:1      | Identified the Papyrus of Translocation
     2 | D:1      | Learned a level 1 spell: Shock
   316 | D:1      | Reached XP level 2. HP: 17/19 MP: 11/14
   436 | D:1      | Learned a level 2 spell: Shroud of Golubria
   646 | D:1      | Reached XP level 3. HP: 24/25 MP: 13/15
   783 | D:2      | Reached skill level 1 in Invocations
   836 | D:2      | Reached skill level 1 in Fighting
   836 | D:2      | Reached skill level 1 in Short Blades
   836 | D:2      | Reached skill level 1 in Long Blades
   836 | D:2      | Reached skill level 1 in Axes
   836 | D:2      | Reached skill level 1 in Maces & Flails
   836 | D:2      | Reached skill level 1 in Polearms
   836 | D:2      | Reached skill level 1 in Staves
   836 | D:2      | Reached skill level 1 in Slings
   836 | D:2      | Reached skill level 1 in Bows
   836 | D:2      | Reached skill level 1 in Crossbows
   836 | D:2      | Reached skill level 1 in Armour
   836 | D:2      | Reached skill level 1 in Dodging
   836 | D:2      | Reached skill level 1 in Stealth
   836 | D:2      | Reached skill level 1 in Shields
   836 | D:2      | Reached skill level 1 in Unarmed Combat
   836 | D:2      | Reached skill level 1 in Evocations
   841 | D:2      | Noticed Robin
   846 | D:2      | Reached XP level 4. HP: 32/32 MP: 0/17
  1167 | D:2      | Killed Robin
  1237 | D:2      | Reached skill level 1 in Conjurations
  1237 | D:2      | Reached skill level 1 in Hexes
  1237 | D:2      | Reached skill level 1 in Charms
  1237 | D:2      | Reached skill level 1 in Necromancy
  1237 | D:2      | Reached skill level 1 in Transmutations
  1237 | D:2      | Reached skill level 1 in Fire Magic
  1237 | D:2      | Reached skill level 1 in Ice Magic
  1237 | D:2      | Reached skill level 1 in Air Magic
  1237 | D:2      | Reached skill level 1 in Earth Magic
  1237 | D:2      | Reached skill level 1 in Poison Magic
  1352 | D:3      | Found an iron altar of Okawaru.
  1352 | D:3      | Found a bloodstained altar of Trog.
  1549 | D:3      | Noticed a hungry ghost
  1681 | D:3      | Reached XP level 5. HP: 25/37 MP: 11/18
  1682 | D:3      | Found an iron altar of Okawaru.
  1758 | D:3      | Became a worshipper of Warmaster Okawaru
  1881 | D:3      | Learned a level 2 spell: Blink
  2142 | D:3      | Found a shattered altar of Ashenzari.
  2142 | D:3      | Found a shadowy altar of Dithmenos.
  2144 | D:3      | Found a deep blue altar of Sif Muna.
  2158 | D:3      | Noticed a centaur
  2179 | D:3      | Shot with an arrow by a centaur

Skill      XL: |  1  2  3  4  5 |
---------------+----------------+-----
Spellcasting   | | 11.2
Summonings     | 2 |  2.4
Invocations    | 1 |  1.7
Fighting       | 1 |  1.5
Short Blades   | 1 |  1.5
Long Blades    | 1 |  1.5
Axes           | 1 |  1.5
Maces & Flails | 1 |  1.5
Polearms       | 1 |  1.5
Staves         | 1 |  1.5
Slings         | 1 |  1.5
Bows           | 1 |  1.5
Crossbows      | 1 |  1.5
Armour         | 1 |  1.5
Dodging        | 1 |  1.5
Stealth        | 1 |  1.5
Shields        | 1 |  1.5
Unarmed Combat | 1 |  1.5
Evocations     | 1 |  1.5
Conjurations   | 1 |  1.2
Hexes          | 1 |  1.2
Charms         | 1 |  1.2
Necromancy     | 1 |  1.2
Transmutations | 1 |  1.2
Fire Magic     | 1 |  1.2
Ice Magic      | 1 |  1.2
Air Magic      | 1 |  1.2
Earth Magic    | 1 |  1.2
Poison Magic   | 1 |  1.2
Translocations | 4 |  4.0
Throwing       | |  4.8

Action                   |  1- 3 |  4- 6 || total
-------------------------+-------+-------++-------
Melee: Club              |     5 |       ||     5
       Blowgun           |     1 |       ||     1
       Spear             |    24 |    70 ||    94
       Bite              |       |     1 ||     1
 Fire: Blowgun           |     2 |       ||     2
Throw: Stone             |    11 |    10 ||    21
 Cast: Shock             |    58 |    92 ||   150
       Shroud of Golubri |     3 |     1 ||     4
  Use: Scroll            |       |     1 ||     1
 Stab: Sleeping          |     2 |     1 ||     3
  Eat: Chunk             |       |     4 ||     4
Armor: Robe              |    15 |    15 ||    30
       Animal skin       |       |     7 ||     7
Dodge: Dodged            |    32 |    68 ||   100
